 Dungeon Sprint DCSS version 0.27-a0-732-ga892ba84f6 (webtiles) character file.

Game seed: 11201842174109447094

58 rocky1 the Magician (level 4, -1/34 HPs)
             Began as a Djinni Fire Elementalist on Mar 24, 2021.
             Was a Priest of Vehumet.
             Slain by an iron imp (9 damage)
             ... in the Dungeon (Sprint VII: "The Pits").
             The game lasted 00:03:32 (539 turns).

rocky1 the Magician (Djinni Fire Elementalist)       Turns: 539, Time: 00:03:33

Health: -1/34      AC:  2    Str:  7    XL:     4   Next: 1%
Magic:  0/0        EV: 13    Int: 18    God:    Vehumet [***...]
Gold:   0          SH:  0    Dex: 13    Spells: 0/11 levels left

rFire    + + .     SeeInvis .   i - +2 quarterstaff (drain)
rCold    x . .     Faith    .   (shield currently unavailable)
rNeg     . . .     Spirit   .   a - +0 robe
rPois    ∞         Reflect  .   (no helmet)
rElec    .         Harm     .   (no cloak)
rCorr    .         Rampage  .   (no gloves)
Will     .....     NoTele   +   (boots unavailable)
Stlth    ++........             (no amulet)
HPRegen  0.11/turn              (no ring)
MPRegen  0.00/turn              (no ring)

@: flying
A: fire resistance 2, cold vulnerability 1, float, innate caster, hp casting,
extra vitality 1
a: Renounce Religion


You were in the Dungeon.
You worshipped Vehumet.
Vehumet was most pleased with you.
You visited 1 branch

Inventory:

Hand Weapons
 i - a +2 quarterstaff of draining (weapon)
 j - a +0 quarterstaff of speed
 k - a +1 long sword of flaming
Armour
 a - a +0 robe (worn)
Scrolls
 g - a scroll of blinking
 h - a scroll of summoning
Potions
 b - 2 potions of invisibility
 c - 6 potions of curing
 d - 6 potions of heal wounds
 e - a potion of haste
 f - 2 potions of berserk rage


   Skills:
 + Level 2.7 Fighting
 + Level 2.7 Staves
 + Level 4.1 Dodging
 + Level 3.2 Stealth
 + Level 4.2 Spellcasting


You couldn't memorise any spells.
You knew the following spells:

 Your Spells              Type           Power      Damage    Failure   Level
a - Foxfire               Conj/Fire      72%        2x1d7     1%          1
b - Conjure Flame         Conj/Fire      18%        6-21      2%          3
c - Inner Flame           Hex/Fire       18%        N/A       2%          3
d - Sticky Flame          Conj/Fire      18%        2d4       7%          4
e - Fireball              Conj/Fire      9%         3d6       17%         5
f - Freeze                Ice            72%        1d9       1%          1
Your spell library was empty.

Dungeon Overview and Level Annotations

Branches:
Dungeon (1/1)

Altars:
Ashenzari
Cheibriados
Dithmenos
Elyvilon
Fedhas
Gozag
Hepliaklqana
Kikubaaqudgha
Makhleb
Nemelex Xobeh
Okawaru
Qazlal
Ru
Sif Muna
Trog
Uskayaw
Vehumet
Wu Jian
Xom
Yredelemnul
Zin
The Shining One
Beogh
Jiyva
Lugonu


Innate Abilities, Weirdness & Mutations

You are immune to poison.
Your flesh is very heat resistant. (rF++)
You are vulnerable to cold. (rC-)
You float through the air rather than walking.
You learn spells naturally, not from books.
Your magical power is your life essence.
You have superior vitality. (+4 HP)


Message History

The iron imp is lightly wounded.
The foxfire hits the iron imp.
The iron imp completely resists.
The iron imp is lightly wounded.
The iron imp barely misses you.
Casting: Foxfire (safe; 1% risk of failure)
Confirm with . or Enter, or press ? or * to list all spells.
You conjure some foxfire!
You barely miss the iron imp.
The iron imp is lightly wounded.
The foxfire hits the iron imp.
The iron imp completely resists.
The iron imp is lightly wounded.
The foxfire hits the iron imp but does no damage.
The iron imp is lightly wounded.
The iron imp hits you but does no damage.
You closely miss the iron imp.
The iron imp is lightly wounded.
The iron imp closely misses you.
You hit the iron imp but do no damage.
The iron imp is lightly wounded.
The iron imp hits you!
You closely miss the iron imp.
The iron imp is lightly wounded.
The iron imp barely misses you.
You hit the iron imp.
The iron imp is heavily wounded.
The iron imp hits you!
* * * LOW HITPOINT WARNING * * *
Casting: Foxfire (safe; 1% risk of failure)
Confirm with . or Enter, or press ? or * to list all spells.
Okay, then.
You hit the iron imp.
The iron imp is heavily wounded.
The iron imp barely misses you.
You hit the iron imp.
The iron imp is almost dead.
The iron imp closely misses you.
You barely miss the iron imp.
The iron imp is almost dead.
The iron imp hits you!
You die...

############
#_________.#
#_________.#
#_______...###########++
##########'##...........
#.?(!')))'.##......#..#.
##########.##...........
#....5......'5@.........
#'#####'#####......#..#.
#.#..#..#..##...........
#r#..+..'..#####'#####++
#.##'####)###.......#
#.#........##.......#
#5#........##.......#
#.#####'#####...<...#
#.#..[.))..##.......#


You could see an iron imp.

Vanquished Creatures
  A worker ant (D)
  A gnoll (D)
  An adder (D)
  3 orcs (D)
  3 giant cockroaches (D)
  A quokka (D)
  2 ball pythons (D)
  A ball python skeleton (D)
  A quokka zombie (D)
  A rat (D)
15 creatures vanquished.

Vanquished Creatures (others)
  20 foxfires (D)
20 creatures vanquished.

Grand Total: 35 creatures vanquished

Notes
Turn   | Place    | Note
-------+----------+-------------------------------------------
     0 | D        | rocky1 the Djinni Fire Elementalist began the quest for the
                  | Orb.
     0 | D        | Reached XP level 1. HP: 15/15 MP: 0/0
    84 | D        | Found a bloodstained altar of Trog.
    84 | D        | Found a viscous altar of Jiyva.
    84 | D        | Found a hazy altar of Hepliaklqana.
    84 | D        | Found an opulent altar of Gozag.
    85 | D        | Found a glowing golden altar of the Shining One.
    85 | D        | Found a glowing silver altar of Zin.
    85 | D        | Found a basalt altar of Yredelemnul.
    85 | D        | Found a shimmering altar of Xom.
    85 | D        | Found an ornate altar of the Wu Jian Council.
    85 | D        | Found a sacrificial altar of Ru.
    85 | D        | Found a stormy altar of Qazlal.
    85 | D        | Found an iron altar of Okawaru.
    85 | D        | Found a sparkling altar of Nemelex Xobeh.
    85 | D        | Found a burning altar of Makhleb.
    85 | D        | Found a blossoming altar of Fedhas.
    85 | D        | Found a white marble altar of Elyvilon.
    85 | D        | Found a shadowy altar of Dithmenos.
    85 | D        | Found a snail-covered altar of Cheibriados.
    88 | D        | Found a corrupted altar of Lugonu.
    88 | D        | Found a radiant altar of Vehumet.
    89 | D        | Found an ancient bone altar of Kikubaaqudgha.
    89 | D        | Found a hide-covered altar of Uskayaw.
    89 | D        | Found a broken altar of Ashenzari.
    97 | D        | Became a worshipper of Vehumet
   194 | D        | Reached * piety under Vehumet
   201 | D        | Noticed a worker ant
   208 | D        | Killed a worker ant
   208 | D        | Reached ** piety under Vehumet
   209 | D        | Reached XP level 2. HP: 22/23 MP: 0/0
   209 | D        | Reached XP level 3. HP: 27/28 MP: 0/0
   209 | D        | Learned a level 1 spell: Freeze
   367 | D        | Reached *** piety under Vehumet
   524 | D        | Reached XP level 4. HP: 30/34 MP: 0/0
   539 | D        | Slain by an iron imp

Illustrated notes

Levels and vault maps discovered:
D:        pitsprint [storerooms_1, entrance_room_1, metal_vault_4, armoury_2,
          mini_pit_1, grid_room_1, main_hall_1, silver_pit, the_coven_3,
          the_vestibule_1, steel_vault_5, golden_pit, hallway_of_sentries,
          crystal_vault_4, iron_vault_2, final_vault]

Skill      XL: |  1  2  3 |
---------------+----------+-----
Spellcasting   | 3 4 |  4.2
Stealth        | 2 3 |  3.2
Fighting       | 2 |  2.7
Staves         | 2 |  2.7
Dodging        | 3 4 |  4.1

Action                   |  1- 3 |  4- 6 || total
-------------------------+-------+-------++-------
Melee: Quarterstaff      |    23 |    11 ||    34
       Unarmed           |     3 |       ||     3
 Cast: Foxfire           |     8 |     4 ||    12
  Use: Potion            |     1 |       ||     1
Armor: Robe              |     7 |     1 ||     8
Dodge: Dodged            |    21 |     7 ||    28

Table legend: (Time is in decaauts)
 A = Elapsed time spent in this place.
 B = Non-inter-level travel time spent in this place.
 C = Inter-level travel time spent in this place.
 D = Time resting spent in this place.
 E = Time spent auto-exploring this place.
 F = Levels seen in this place.
 G = Mean time per level.
                   A        B        C        D        E       F      G
               +--------+--------+--------+--------+--------+-----+--------+
         Total |    554 |    554 |      0 |    295 |      0 |   1 |  554.0 |
       Dungeon |    554 |    554 |      0 |    295 |      0 |   1 |  554.0 |
               +--------+--------+--------+--------+--------+-----+--------+

Top non-repeatable levels by time:
       D: 554 daAuts
